 Dungeon Sprint DCSS version 0.18-a0-270-ga9d907f (webtiles) character file.

22153 Kidiri the Unseen (level 12, -7/94 HPs)
             Began as a Spriggan Enchanter on Nov 27, 2015.
             Was the Champion of Dithmenos.
             Mangled by Polyphemus (19 damage)
             ... in the Dungeon (Sprint III: "The Ten Rune Challenge").
             The game lasted 00:14:50 (3291 turns).

Kidiri the Unseen (Spriggan Enchanter)              Turns: 3291, Time: 00:14:50

Health: -7/94      AC:  3    Str:  7    XL:     12   Next: 60%
Magic:  2/31       EV: 33    Int: 19    God:    Dithmenos [******]
Gold:   37         SH:  0    Dex: 19    Spells: 9 memorised, 18 levels left

rFire  . . .     SeeInvis +     a - +1 dagger
rCold  . . .     Clarity  .     b - +1 robe
rNeg   . . .     SustAt   .     (shield restricted)
rPois  .         Gourm    .     (helmet restricted)
rElec  .         Spirit   .     (no cloak)
rCorr  .         Warding  .     (gloves unavailable)
rMut   .         NoTele   +     (boots unavailable)
MR     ++...                    (no amulet)
Stlth  ..........               (no ring)
                                (no ring)

@: berserking, wreathed by umbra, repel missiles, very quick, very resistant to
hostile enchantments, extremely unstealthy
A: unfitting armour, hooves 1, see invisible, herbivore 3, speed 3, slow
metabolism 2, spit poison 1, weak 1
a: Spit Poison, Shadow Step, Shadow Form, Renounce Religion


You were in the Dungeon.
You worshipped Dithmenos.
Dithmenos was exalted by your worship.
You were not hungry.

You visited 1 branch You collected 37 gold pieces.

Inventory:

Hand Weapons
 a - a +1 dagger (weapon)
Armour
 b - a +1 robe (worn)
 e - a fire dragon hide
Wands
 c - a wand of hasting (2)
Scrolls
 j - a scroll of blinking
 m - 2 scrolls of identify
 n - 3 scrolls of remove curse
Potions
 f - 3 potions of heal wounds
 g - a potion of haste
 h - a potion of magic
 k - a potion of might
 l - a potion of brilliance
 o - 3 potions of cure mutation
 p - 3 potions of flight
Comestibles
 d - 6 fruits
 q - 30 royal jellies


   Skills:
 + Level 7.0 Fighting
 * Level 13.0 Short Blades
 + Level 6.4 Armour
 * Level 16.5 Dodging
 * Level 18.0 Stealth
 * Level 14.0 Spellcasting
 + Level 6.2 Conjurations
 + Level 10.5 Hexes
 + Level 10.7 Charms
 + Level 10.4 Translocations
 + Level 6.8 Ice Magic
 + Level 6.5 Air Magic
 + Level 7.4 Poison Magic
 - Level 2.0 Invocations


You had 18 spell levels left.
You knew the following spells:

 Your Spells              Type           Power        Failure   Level  Hunger
a - Corona                Hex            ######.      1%          1    None
b - Ensorcelled Hibernat  Hex/Ice        #####.       1%          2    None
c - Confuse               Hex            ######..     1%          3    None
d - Tukima's Dance        Hex            ######..     1%          3    None
e - Dazzling Spray        Conj/Hex       #####...     1%          3    None
f - Slow                  Hex            ######..     1%          2    None
g - Blink                 Tloc           N/A          1%          2    None
h - Repel Missiles        Chrm/Air       #####.       1%          2    None
i - Mephitic Cloud        Conj/Pois/Air  #####...     1%          3    None


Dungeon Overview and Level Annotations

Branches:
Dungeon (1/1)

Altars:
Cheibriados
Dithmenos
Elyvilon
Fedhas
Gozag
Kikubaaqudgha
Makhleb
Nemelex Xobeh
Okawaru
Qazlal
Ru
Sif Muna
Trog
Vehumet
Xom
Yredelemnul
Zin
The Shining One
Jiyva
Lugonu

Shops:
D %=[

Annotations:
D Polyphemus


Innate Abilities, Weirdness & Mutations

You are tiny and cannot use many weapons and most armour.
You have supernaturally acute eyesight.
You are a herbivore.
You cover ground extremely quickly.
You need consume almost no food.
You have large cloven feet.
You can spit weak poison.
You are weak. (Str -2)


Message History

You puncture Polyphemus! You kick Polyphemus, but do no damage.
Polyphemus is heavily wounded.
You hit Polyphemus but do no damage.
Polyphemus is heavily wounded.
Your shadow hits Polyphemus but does no damage.
Unknown command.
You puncture Polyphemus!
Polyphemus is severely wounded.
Your shadow hits Polyphemus but does no damage.
Polyphemus closely misses you. x2
You hit Polyphemus. You kick Polyphemus.
Polyphemus is severely wounded.
You completely miss Polyphemus.
Polyphemus is severely wounded.
Your shadow hits Polyphemus but does no damage.
You hit Polyphemus.
Polyphemus is severely wounded.
Your shadow hits Polyphemus but does no damage.
Polyphemus hits you!!
You die...

+≈≈§§§§§≈.♣♣.....♣♣♣♣≈≈≈.
#≈≈≈§§§§≈≈♣♣.≈≈≈≈+♣♣'♣≈≈≈
#≈.§§§≈§≈≈≈'...%.#.≈♣♣♣♣♣
#≈≈≈≈§§§†≈♣♣♣♣♣♣♣#..♣♣
#≈≈.≈≈§≈≈≈♣ ###+♣♣♣♣
▓##+####'#######♣
♣♣♣♣.##..
▓...........)...♣♣
♣...##.##
▓#+#############'♣
♣♣.##.##. ..
#≈P...§C@§§§(♣ ♣..#.##.
▓...+≈≈.%%########♣♣
♣♣.##.##
▓J..#≈≈≈..%.E(...PP♣
♣♣.##.##
JJ.#≈≈≈≈P..PPm...P♣
♣.....## +#
###########C#### ########
▓≈E≈≈≈≈≈≈ # ▓≈E≈≈≈≈≈≈ #
▓≈≈≈§.≈≈≈ ▓≈≈.†..≈≈


You could see Polyphemus.

Vanquished Creatures
  Rupert (D)
  Maud (D)
  Snorg (D)
  4 fire dragons (D)
  2 hydras (D)
  4 death yaks (D)
  A centaur warrior (D)
  An unseen horror (D)
  A death drake (D)
  A spriggan druid (D)
  A lindwurm (D)
  2 black mambas (D)
  2 spiny frogs (D)
  A fire drake (D)
  A komodo dragon (D)
  3 wandering mushrooms (D)
  A deep elf priest (D)
  2 giant leeches (D)
  A queen bee (D)
  8 blink frogs (D)
  A shadow (D)
  3 redbacks (D)
  2 spriggans (D)
  A spatial vortex (D)
  A swamp drake (D)
  A necrophage (D)
  2 centaurs (D)
  An earth elemental (D)
  A water elemental (D)
  An electric eel (D)
  28 killer bees (D)
  A jelly (D)
  Jessica (D)
  A necromancer (D)
  A wizard (D)
  3 sheep (D)
  A kobold demonologist (D)
  3 humans (D)
  An ooze (D)
  A phantom (D)
  2 rats (D)
96 creatures vanquished.

Vanquished Creatures (collateral kills)
  4 killer bees (D)
4 creatures vanquished.

Vanquished Creatures (others)
  Ilsuiw (D)
  2 draconian scorchers (D)
  A hydra (D)
  2 yaktaurs (D)
  2 fire drakes (D)
  6 plants (D)
14 creatures vanquished.

Grand Total: 114 creatures vanquished

Notes
Turn   | Place    | Note
--------------------------------------------------------------
     0 | D        | Kidiri the Spriggan Enchanter began the quest for the Orb.
     0 | D        | Reached XP level 1. HP: 9/9 MP: 5/5
    11 | D        | Noticed Jessica
    14 | D        | Killed Jessica
    14 | D        | Reached skill level 1 in Fighting
    14 | D        | Reached skill level 1 in Armour
    14 | D        | Reached skill level 5 in Stealth
    14 | D        | Reached XP level 2. HP: 12/14 MP: 5/7
    14 | D        | Reached XP level 3. HP: 15/18 MP: 6/9
    26 | D        | Learned a level 2 spell: Ensorcelled Hibernation
    30 | D        | Learned a level 3 spell: Confuse
    34 | D        | Learned a level 3 spell: Dazzling Spray
    66 | D        | Reached skill level 6 in Stealth
   144 | D        | Killed a fire drake
   188 | D        | Killed a five-headed hydra
   194 | D        | Killed a yaktaur
   222 | D        | Reached skill level 5 in Dodging
   276 | D        | Killed a fire drake
   306 | D        | Gained mutation: You regenerate slowly when monsters are visible. [potion of mutation]
   306 | D        | Gained mutation: You do not regenerate naturally when monsters are visible. [potion of mutation]
   307 | D        | Lost mutation: You do not regenerate naturally when monsters are visible. [potion of cure mutation]
   307 | D        | Lost mutation: You regenerate slowly when monsters are visible. [potion of cure mutation]
   308 | D        | Gained mutation: You are weak. (Str -2) [potion of mutation]
   308 | D        | Gained mutation: You have large cloven feet. [potion of mutation]
   308 | D        | Gained mutation: You can spit weak poison. [potion of mutation]
   327 | D        | Killed a white draconian scorcher
   330 | D        | Killed a white draconian scorcher
   341 | D        | Noticed a water elemental
   343 | D        | Killed a water elemental
   343 | D        | Reached skill level 7 in Stealth
   343 | D        | Reached skill level 1 in Conjurations
   343 | D        | Reached skill level 1 in Ice Magic
   343 | D        | Reached XP level 4. HP: 23/23 MP: 9/11
   348 | D        | Learned a level 3 spell: Tukima's Dance
   366 | D        | Noticed a shadow
   395 | D        | Killed a shadow
   395 | D        | Reached skill level 5 in Short Blades
   395 | D        | Reached skill level 9 in Stealth
   395 | D        | Reached skill level 5 in Hexes
   395 | D        | Reached XP level 5. HP: 12/28 MP: 3/14
   395 | D        | Reached XP level 6. HP: 13/32 MP: 3/16
   672 | D        | Found a stormy altar of Qazlal.
   673 | D        | Found a sacrificial altar of Ru.
   673 | D        | Found a burning altar of Makhleb.
   673 | D        | Found a viscous altar of Jiyva.
   673 | D        | Found a shimmering altar of Xom.
   673 | D        | Found a shadowy altar of Dithmenos.
   673 | D        | Found a sparkling altar of Nemelex Xobeh.
   673 | D        | Found a corrupted altar of Lugonu.
   673 | D        | Found an opulent altar of Gozag.
   673 | D        | Noticed a spatial vortex
   677 | D        | Became a worshipper of Dithmenos the Shadowed
   948 | D        | Killed a spatial vortex
   948 | D        | Reached skill level 1 in Invocations
  1053 | D        | Found a radiant altar of Vehumet.
  1054 | D        | Found a deep blue altar of Sif Muna.
  1054 | D        | Found an ancient bone altar of Kikubaaqudgha.
  1055 | D        | Reached skill level 10 in Stealth
  1067 | D        | Learned a level 2 spell: Slow
  1070 | D        | Learned a level 2 spell: Blink
  1073 | D        | Learned a level 2 spell: Repel Missiles
  1083 | D        | Found a glowing silver altar of Zin.
  1084 | D        | Found a glowing golden altar of the Shining One.
  1084 | D        | Found a white marble altar of Elyvilon.
  1084 | D        | Noticed a deep elf priest
  1086 | D        | Killed a deep elf priest
  1086 | D        | Reached * piety under Dithmenos
  1086 | D        | Reached skill level 1 in Translocations
  1086 | D        | Reached skill level 1 in Air Magic
  1086 | D        | Reached XP level 7. HP: 36/36 MP: 19/19
  1094 | D        | Learned a level 3 spell: Mephitic Cloud
  1104 | D        | Found an iron altar of Okawaru.
  1105 | D        | Found a bloodstained altar of Trog.
  1105 | D        | Noticed a human
  1105 | D        | Noticed a human
  1107 | D        | Killed a human
  1107 | D        | Reached skill level 11 in Stealth
  1108 | D        | Killed a human
  1108 | D        | Reached skill level 1 in Poison Magic
  1124 | D        | Found a snail-covered altar of Cheibriados.
  1125 | D        | Found a basalt altar of Yredelemnul.
  1125 | D        | Found a blossoming altar of Fedhas.
  1126 | D        | Reached ** piety under Dithmenos
  1126 | D        | Reached skill level 10 in Dodging
  1126 | D        | Reached XP level 8. HP: 42/42 MP: 21/21
  1149 | D        | Noticed Snorg
  1164 | D        | Killed Snorg
  1164 | D        | Reached skill level 12 in Stealth
  1213 | D        | Noticed a centaur warrior
  1216 | D        | Killed a centaur warrior
  1216 | D        | Reached skill level 13 in Stealth
  1216 | D        | Reached skill level 5 in Charms
  1216 | D        | Reached skill level 5 in Translocations
  1216 | D        | Reached XP level 9. HP: 46/46 MP: 23/23
  1217 | D        | Reached *** piety under Dithmenos
  1218 | D        | Reached skill level 10 in Spellcasting
  1233 | D        | Noticed an unseen horror
  1235 | D        | Killed an unseen horror
  1250 | D        | Reached **** piety under Dithmenos
  1320 | D        | Reached ***** piety under Dithmenos
  1409 | D        | Reached XP level 10. HP: 47/51 MP: 5/25
  1540 | D        | Reached skill level 5 in Fighting
  1540 | D        | Reached skill level 14 in Stealth
  1542 | D        | Reached ****** piety under Dithmenos
  1578 | D        | Reached skill level 10 in Short Blades
  2124 | D        | Reached skill level 5 in Ice Magic
  2124 | D        | Reached skill level 5 in Poison Magic
  2134 | D        | Reached skill level 5 in Armour
  2134 | D        | Reached skill level 15 in Stealth
  2143 | D        | Noticed a lindwurm
  2147 | D        | Killed a lindwurm
  2160 | D        | Noticed Maud
  2163 | D        | Killed Maud
  2163 | D        | Reached skill level 5 in Conjurations
  2163 | D        | Reached skill level 5 in Air Magic
  2163 | D        | Reached XP level 11. HP: 53/56 MP: 27/27
  2182 | D        | Noticed a seven-headed hydra
  2182 | D        | Noticed a seven-headed hydra
  2203 | D        | Killed a seven-headed hydra
  2217 | D        | Killed a seven-headed hydra
  2281 | D        | Noticed a death drake
  2283 | D        | Killed a death drake
  2283 | D        | Reached skill level 16 in Stealth
  2290 | D        | Found a blossoming altar of Fedhas.
  2292 | D        | Noticed a spriggan druid
  2294 | D        | Killed a spriggan druid
  2332 | D        | Noticed a fire dragon
  2341 | D        | Killed a fire dragon
  2368 | D        | Noticed a fire dragon
  2379 | D        | Killed a fire dragon
  2397 | D        | Found Quive's Food Emporium.
  2397 | D        | Found Adghaxy's Jewellery Shop.
  2397 | D        | Found Taomam's Antique Armour Shoppe.
  2397 | D        | Noticed a fire dragon
  2554 | D        | Noticed a fire dragon
  2593 | D        | Killed a fire dragon
  2593 | D        | Reached skill level 15 in Dodging
  2726 | D        | Killed a fire dragon
  3007 | D        | Reached skill level 17 in Stealth
  3081 | D        | Noticed Rupert
  3086 | D        | Killed Rupert
  3086 | D        | Reached skill level 10 in Hexes
  3086 | D        | Reached skill level 10 in Charms
  3086 | D        | Reached XP level 12. HP: 62/62 MP: 25/30
  3115 | D        | Noticed an azure jelly
  3115 | D        | Noticed an azure jelly
  3117 | D        | Reached skill level 10 in Translocations
  3195 | D        | Noticed an azure jelly
  3195 | D        | Noticed an azure jelly
  3233 | D        | Noticed Polyphemus
  3237 | D        | Noticed Ilsuiw
  3276 | D        | Killed Ilsuiw
  3276 | D        | Reached skill level 18 in Stealth
  3291 | D        | Mangled by Polyphemus

Vault maps used:
D:        dungeon_sprint_mu

Action                   |  1- 3 |  4- 6 |  7- 9 | 10-12 || total
-------------------------+-------+-------+-------+-------++-------
Melee: Dagger            |     7 |    23 |    35 |   106 ||   171
 Cast: Dazzling Spray    |     3 |    12 |     2 |    36 ||    53
       Ensorcelled Hiber |     1 |       |    19 |    43 ||    63
       Repel Missiles    |       |       |     1 |       ||     1
       Confuse           |       |       |     2 |     5 ||     7
       Mephitic Cloud    |       |       |     1 |     5 ||     6
       Tukima's Dance    |       |       |       |     2 ||     2
Invok: Shadow Step       |       |       |       |     9 ||     9
  Use: Potion            |     3 |     1 |     1 |     2 ||     7
       Scroll            |     1 |       |       |     1 ||     2
 Stab: Sleeping          |     5 |     4 |    22 |    45 ||    76
       Invisible         |       |       |     3 |     3 ||     6
       Confused          |       |       |     1 |     2 ||     3
  Eat: Bread ration      |       |       |       |     1 ||     1
